 Dungeon Crawl Stone Soup version 0.14-a0-2810-g474977d (webtiles) character file.

612 Quh the Skirmisher (level 6, -1/56 HPs)
             Began as a Hill Orc Fighter on Feb 25, 2014.
             Was a Follower of Trog.
             Slain by a gnoll
             ... wielding a +0,+0 halberd
              (5 damage)
             ... on Level 4 of the Dungeon.
             The game lasted 00:19:56 (3155 turns).

Quh the Skirmisher (Hill Orc Fighter)               Turns: 3155, Time: 00:19:56

HP  -1/56        AC  7     Str 21      XL: 6   Next: 95%
MP   6/6         EV  7     Int  8      God: Trog [*.....]
Gold 190         SH 20     Dex 10      Spells:  0 memorised,  5 levels left

rFire  . . .     SeeInvis .     a - +0 falchion
rCold  . . .     Clarity  .     b - +0 orc scale mail
rNeg   . . .     Conserve .     c - +0 orc shield
rPois  .         rCorr    .     (no helmet)
rElec  .         rRot     .     (no cloak)
SustAb . .       Spirit   .     (no gloves)
rMut   .         Warding  .     (no boots)
Saprov + . .     Stasis   .     (no amulet)
MR     .....                    (no ring)
                                (no ring)

@: not resistant to hostile enchantments, extremely unstealthy
A: saprovore 1
a: Burn Spellbooks, Berserk, Renounce Religion


You were on level 4 of the Dungeon.
You worshipped Trog.
Trog was aware of your devotion.
You were hungry.

You visited 1 branch of the dungeon, and saw 4 of its levels.

You collected 190 gold pieces.

Inventory:

Hand weapons
 a - a +0,+0 falchion (weapon)
 l - a +0,+0 cutlass
 v - a +0,+0 dagger
Armour
 b - a +0 orcish scale mail (worn)
 c - a +0 orcish shield (worn)
 j - a +0 scale mail
Comestibles
 d - 2 meat rations
 f - a rambutan
 g - 13 grapes
 k - a lemon
 m - a sausage
 p - 2 apples
 w - a rotting chunk of bat flesh
Scrolls
 h - 6 scrolls of remove curse
 n - 2 scrolls of recharging
 q - a scroll of immolation {unknown}
 r - a scroll of curse weapon {unknown}
 t - a scroll of identify
 u - a scroll of fog {unknown}
 y - a scroll of curse jewellery {unknown}
Potions
 e - a potion of heal wounds
 i - 2 potions of restore abilities
 o - a potion of curing
 s - a potion of blood
Books
 x - a book of Frost

   Spells                             Type                      Level
   Freeze                             Ice                          1
   Throw Frost                        Conjuration/Ice              2
   Ozocubu's Armour                   Charms/Ice                   3
   Throw Icicle                       Conjuration/Ice              4
   Summon Ice Beast                   Ice/Summoning                4
   Condensation Shield                Ice                          4
   Trog disapproves of the use of such an item.


   Skills:
 + Level 5.2 Fighting
 * Level 4.7 Long Blades
 + Level 2.4 Throwing
 + Level 4.6 Armour
 + Level 4.1 Shields


You had 5 spell levels left.
You didn't know any spells.

Dungeon Overview and Level Annotations

Branches:
Dungeon (4/16)
 Temple: D:4-7

Altars:
Trog


Innate Abilities, Weirdness & Mutations

You can tolerate rotten meat.


Message History

The gnoll is almost dead.
You block the gnoll's attack. The gnoll closely misses you.
You hit the gnoll.
The gnoll is almost dead.
The gnoll hits you.
* * * LOW HITPOINT WARNING * * *
You block the gnoll's attack.
You hit the gnoll.
You kill the gnoll!
Trog accepts your kill. You block the gnoll's attack.
The gnoll hits you with a halberd!
* * * LOW HITPOINT WARNING * * *
You hit the gnoll.
The gnoll is moderately wounded.
The gnoll barely misses you.
Your shield and scale mail prevent you from hitting the gnoll.
The gnoll is moderately wounded.
The gnoll hits you from afar with a halberd.
You die...

.............#......
.................#
.....####.##.....# #....#
#........# #....#
####..##.#
#....#####.......#
#.......##.##.##.#
.....##.##.##.##.#####.##
#...###.##.##...@........
##### #.##.#####.##.##.#.
######.##.#####g#
#.......#.%.g..g#
.#.#.......#######
............#
.#.......#..#
.#.......#..#
.........#..#


You could see 2 gnolls.

Vanquished Creatures
  A phantom (D:4)
  2 hounds (D:4)
  An orc wizard (D:3)
  An orc priest (D:4)
  A scorpion (D:4)
  A worker ant (D:3)
  Ijyb (D:2)
  Jessica (D:2)
  3 gnolls
  3 adders
  An inept item mimic (D:3)
  A worm (D:3)
  A giant eyeball (D:4)
  7 orcs
  3 giant cockroaches (D:1)
  3 hobgoblins
  2 quokkas
  11 bats
  2 giant geckos (D:2)
  4 giant newts
  8 goblins
  6 kobolds
  A rat (D:1)
65 creatures vanquished.

Notes
Turn   | Place    | Note
--------------------------------------------------------------
     0 | D:1      | Quh, the Hill Orc Fighter, began the quest for the Orb.
     0 | D:1      | Reached XP level 1. HP: 19/19 MP: 1/1
   136 | D:1      | Reached skill level 4 in Fighting
   157 | D:1      | Reached XP level 2. HP: 27/27 MP: 2/2
   542 | D:1      | Reached XP level 3. HP: 17/33 MP: 3/3
   858 | D:2      | Noticed Ijyb
   916 | D:2      | Killed Ijyb
   916 | D:2      | Reached skill level 1 in Throwing
  1073 | D:2      | Reached XP level 4. HP: 38/40 MP: 4/4
  1167 | D:2      | Noticed Jessica
  1176 | D:2      | Killed Jessica
  1226 | D:2      | Found a bloodstained altar of Trog.
  1232 | D:2      | Became a worshipper of Trog the Wrathful
  1852 | D:3      | Reached XP level 5. HP: 35/47 MP: 5/5
  2547 | D:4      | Paralysed by a giant eyeball for 4 turns
  2606 | D:4      | Noticed a phantom
  2643 | D:4      | Acquired Trog's first power
  2662 | D:4      | Killed a phantom
  2662 | D:4      | Reached skill level 5 in Fighting
  2662 | D:4      | Reached XP level 6. HP: 23/56 MP: 6/6
  3155 | D:4      | Slain by a gnoll

Action                   |  1- 3 |  4- 6 || total
-------------------------+-------+-------++-------
Melee: Falchion          |   150 |   256 ||   406
Throw: Dart              |       |     1 ||     1
  Use: Scroll            |     5 |     3 ||     8
       Potion            |       |     2 ||     2
